 Dungeon Crawl Stone Soup version 0.17.1-2-g5865329 (webtiles) character file.

405 PossumBlood the Archer (level 6, -4/39 HPs)
             Began as a High Elf Hunter on Jan 29, 2016.
             Was an Initiate of Okawaru.
             Slain by Elizilla's ghost (15 damage)
             ... on level 4 of the Dungeon.
             The game lasted 00:15:34 (3449 turns).

PossumBlood the Archer (High Elf Hunter)            Turns: 3449, Time: 00:15:34

Health: -4/39      AC:  7    Str: 11    XL:     6   Next: 56%
Magic:  7/7        EV: 12    Int: 15    God:    Okawaru [......]
Gold:   88         SH:  0    Dex: 18    Spells: 0 memorised, 5 levels left

rFire  . . .     SeeInvis .     a - +1 shortbow
rCold  . . .     Clarity  .     c - +1 leather armour
rNeg   . . .     SustAt   .     (shield currently unavailable)
rPois  .         Gourm    .     m - +0 helmet
rElec  .         Spirit   .     d - +0 cloak
rCorr  .         Warding  .     b - +0 pair of gloves
rMut   .         Stasis   .     (no boots)
MR     .....                    (no amulet)
Stlth  ++........               (no ring)
                                (no ring)

@: very slightly contaminated, hasted, very quick, not resistant to hostile
enchantments, unstealthy
A: no striking features
a: Renounce Religion


You were on level 4 of the Dungeon.
You worshipped Okawaru.
Okawaru was noncommittal.
You were not hungry.

You visited 1 branch of the dungeon, and saw 4 of its levels.

You collected 88 gold pieces.

Inventory:

Hand Weapons
 a - a +1 shortbow (weapon)
 j - a +2 short sword of draining
Missiles
 q - 6 poisoned arrows
 r - an arrow (quivered)
Armour
 b - a +0 pair of gloves (worn)
 c - a +1 leather armour (worn)
 d - a +0 cloak (worn)
 m - a +0 helmet (worn)
Scrolls
 g - a scroll of recharging
 k - 2 scrolls of immolation
 n - a scroll of remove curse
 s - a scroll of magic mapping
 t - 3 scrolls of fog
 v - a scroll of noise {unknown}
Potions
 f - a potion of haste
 h - a potion of agility {unknown}
 i - a potion of brilliance
 l - a potion of might
 o - a potion of magic
Comestibles
 e - 2 bread rations
 u - a meat ration


   Skills:
 - Level 2.0 Fighting
 * Level 10.3 Bows
 - Level 2.1 Dodging
 - Level 1.1 Stealth


You had 5 spell levels left.
You didn't know any spells.

Dungeon Overview and Level Annotations

Branches:
Dungeon (4/15)
 Temple: D:4-7

Altars:
Ashenzari
Elyvilon
Okawaru

Annotations:
D:4 Elizilla's ghost, amateur TrMo


Message History

Firing (i - inventory. (,) - cycle):
r - 3 arrows (quivered)
Press: ? - help, Shift-Dir - straight line, f/p - Elizilla's ghost
Aim: Elizilla's ghost (heavily damaged)
You shoot an arrow.
The arrow hits Elizilla's ghost but does no damage.
Elizilla's ghost is heavily damaged.
Firing (i - inventory. (,) - cycle):
r - 2 arrows (quivered)
Press: ? - help, Shift-Dir - straight line, f/p - Elizilla's ghost
Aim: Elizilla's ghost (heavily damaged)
You shoot an arrow. The arrow hits Elizilla's ghost!
Elizilla's ghost is severely damaged.
Elizilla's ghost hits you!
* * * LOW HITPOINT WARNING * * *
The iguana bites you.
* * * LOW HITPOINT WARNING * * *
Drink which item? (? for menu, Esc to quit)
You feel better. The iguana bites you.
* * * LOW HITPOINT WARNING * * *
Elizilla's ghost hits you!
You die...

##. .....#
###..####.......
##.....#.........
.......<.........
...##............
##...........
#...........
###..†........
#.....@W(.....
#......l...(...
........((.##(.(
..........## ...
..........#
.........##
#........#
...(...##


You could see an iguana and Elizilla's ghost.

Vanquished Creatures
  Grinder (D:3)
  An orc wizard (D:3)
  Natasha (thrice) (D:2)
  4 adders (D:2)
  A gnoll (D:1)
  An ooze (D:2)
  2 worms (D:2)
  2 giant geckos (D:3)
  3 orcs (D:3)
  11 bats
  7 giant cockroaches
  8 goblins
  8 hobgoblins
  7 jackals
  8 kobolds
  2 quokkas (D:2)
  A ball python (D:1)
  3 giant newts
  10 rats
  7 plants (D:2)
90 creatures vanquished.

Vanquished Creatures (others)
  A plant (D:2)
1 creature vanquished.

Grand Total: 91 creatures vanquished

Notes
Turn   | Place    | Note
--------------------------------------------------------------
     0 | D:1      | PossumBlood the High Elf Hunter began the quest for the Orb.
     0 | D:1      | Reached XP level 1. HP: 14/14 MP: 2/2
    51 | D:1      | Reached XP level 2. HP: 19/19 MP: 3/3
   130 | D:1      | Reached skill level 6 in Bows
   330 | D:1      | Reached XP level 3. HP: 24/24 MP: 4/4
   804 | D:2      | Noticed Natasha
   815 | D:2      | Killed Natasha
   815 | D:2      | Reached skill level 7 in Bows
   844 | D:2      | Noticed Natasha
   850 | D:2      | Killed Natasha
   850 | D:2      | Reached XP level 4. HP: 9/29 MP: 5/5
  2017 | D:2      | Noticed Natasha
  2024 | D:2      | Killed Natasha
  2024 | D:2      | Reached skill level 8 in Bows
  2579 | D:2      | Reached XP level 5. HP: 34/34 MP: 6/6
  2718 | D:3      | Noticed Grinder
  2731 | D:3      | Killed Grinder
  2731 | D:3      | Reached skill level 10 in Bows
  2731 | D:3      | Reached XP level 6. HP: 39/39 MP: 7/7
  2818 | D:3      | Found an iron altar of Okawaru.
  2837 | D:3      | Became a worshipper of Warmaster Okawaru
  2971 | D:3      | Found a white marble altar of Elyvilon.
  3131 | D:3      | Found a shattered altar of Ashenzari.
  3440 | D:4      | Noticed Elizilla's ghost (amateur TrMo)
  3449 | D:4      | Slain by Elizilla's ghost

Action                   |  1- 3 |  4- 6 || total
-------------------------+-------+-------++-------
Melee: Short sword       |       |   326 ||   326
 Fire: Shortbow          |    66 |   178 ||   244
  Use: Scroll            |       |    13 ||    13
       Potion            |       |     2 ||     2
  Eat: Bread ration      |       |     2 ||     2
       Beef jerky        |       |     1 ||     1
